AoeStats
← Mr. Crowley

Arena

508417545Analyzed
1v1 RM · 8d ago on Sep 22, 2026· 49m 47s· 2 players
Game mode
Random Map
Map size
Tiny (2 player)
Population
200
Speed
Normal
Resources
Standard
Victory
Conquest
Starting age
Dark Age
Ending age
Imperial Age
RankedLock teamsTeams togetherTeam positionsShared explorationLock speedFull tech treeHidden civsTurbo modeCheats
Victory
Defeat
🇩🇪 Goths · Germany
629
+15
🇹🇷 Sicilians · Türkiye
599
-15
Mr. Crowley
6:57 Loom
14:20 Feudal Age
14:49 Double-Bit Axe
14:59 Stone Mining
15:01 Gold Mining
15:19 Horse Collar
20:39 Scale Mail Armor
20:51 Forging
23:46 Castle Age
24:00 Fletching
24:41 Bow Saw
24:34 Heavy Plow
25:13 Stone Shaft Mining
29:54 Wheelbarrow
29:05 Town Watch
31:27 First Crusade
37:18 Husbandry
37:29 Bloodlines
38:50 Chain Mail Armor
39:12 Iron Casting
40:24 Gold Shaft Mining
40:10 Hand Cart
Malato1846
11:16 Feudal Age
12:59 Loom
15:44 Castle Age
14:17 Double-Bit Axe
15:23 Horse Collar
18:10 Bow Saw
18:50 Man-at-Arms
21:51 Wheelbarrow
21:12 Long Swordsman
26:46 Scale Mail Armor
26:57 Forging
27:16 Fletching
27:27 Padded Archer Armor
30:04 Bodkin Arrow
31:29 Leather Archer Armor
34:21 Ballistics
38:04 Imperial Age
37:41 Scale Mail Armor
37:52 Forging
39:26 Conscription
40:29 Chemistry
39:34 Capped Ram
43:44 Heavy Cavalry Archer
46:50 Bracer
47:20 Ring Archer Armor
46:59 Onager
Connection lost

Rejoining the realm…

Still unreachable

The connection could not be restored.

Session expired

The server has moved on; the page needs a fresh start.